 Dungeon Crawl Stone Soup version 0.29-a0-330-g52719c12eb (webtiles) character file.

Game seed: 8888098884915502987

26 GigaChad the Skirmisher (level 2, -5/28 HPs)
             Began as a Minotaur Chaos Knight on Apr 12, 2022.
             Was a Plaything of Xom.
             Slain by an iguana (11 damage)
             ... on level 4 of the Dungeon.
             The game lasted 00:02:41 (638 turns).

GigaChad the Skirmisher (Minotaur Chaos Knight)      Turns: 638, Time: 00:02:42

Health: -5/28      AC:  5    Str: 16    XL:     2   Next: 89%
Magic:  1/1        EV: 10    Int:  9    God:    Xom [..*...]
Gold:   70         SH:  0    Dex:  9    Spells: 1/1 levels left

rFire   . . .      SeeInvis .   a - +0 falchion (chaos)
rCold   . . .      Faith    .   (no shield)
rNeg    . . .      Spirit   .   h - +0 ring mail
rPois   .          Reflect  .   (helmet restricted)
rElec   .          Harm     .   (no cloak)
rCorr   .          Rampage  .   (no gloves)
Will    .....                   (no boots)
Stlth   ..........              (no amulet)
HPRegen 0.09/turn               (no ring)
MPRegen 0.07/turn               (no ring)

@: no status effects
A: horns 2, retaliatory headbutt
a: Renounce Religion


You were on level 4 of the Dungeon.
You worshipped Xom.
You were a toy of Xom.
You visited 1 branch of the dungeon, and saw 3 of its levels.

You collected 70 gold pieces.

Inventory:

Hand Weapons
 a - a +0 falchion of chaos (weapon)
Armour
 b - a +2 leather armour
 h - a +0 ring mail (worn)
Scrolls
 d - a scroll of teleportation {unknown}
 e - a scroll of noise {unknown}
 i - a scroll of magic mapping {unknown}
 j - 2 scrolls of blinking {unknown}
 m - a scroll of immolation {unknown}
Potions
 f - a potion of resistance {unknown}
 g - 2 potions of haste {unknown}
 k - a potion of magic {unknown}
 l - a potion of degeneration {unknown}
Miscellaneous
 c - a piece from Xom's chessboard (15/15) (quivered)


   Skills:
 + Level 4.4 Fighting
 + Level 3.9 Long Blades
 + Level 3.0 Armour
 + Level 1.1 Dodging


You had one spell level left.
You didn't know any spells.
Your spell library was empty.

Dungeon Overview and Level Annotations

Branches:
Dungeon (2/15)

Altars:


Innate Abilities, Weirdness & Mutations

You have a pair of horns on your head.
You reflexively headbutt those who attack you in melee.


Message History

You hit the endoplasm. You burn the endoplasm.
You kill the endoplasm!
Found 8 gold pieces.
An adder comes into view.
The adder hisses angrily.
The adder barely misses you. You furiously retaliate!
You headbutt the adder. You barely miss the adder.
The adder is severely wounded.
The adder closely misses you. You furiously retaliate!
You headbutt the adder. The adder barely misses you. You furiously retaliate!
You headbutt the adder.
You kill the adder!
Your Armour skill increases to level 3!
You see here an adder corpse.
You now have 70 gold pieces (gained 8).
You open the door.
There is an open door here.
You open the door.
There is an open door here.
There is an open door here.
You hear the slow hiss of a distant avalanche of sand.
You open the door.
An iguana comes into view.
Found an escape hatch in the floor.
Found a blackened pearl amulet.
There is an open door here.
The iguana bites you.
The iguana hisses menacingly.
The iguana bites you!
* * * LOW HITPOINT WARNING * * *
The iguana bites you.
* * * LOW HITPOINT WARNING * * *
The iguana attacks as you move away! The iguana closely misses you.
The iguana hisses menacingly.
The iguana attacks as you move away! The iguana bites you!
You die... "That's my toy, go get your own!"
Xom revives you!
You closely miss the iguana. The iguana bites you!
You die...
Xom chuckles heartily!

#. #.....### ####.
#.....".# #..#.
#.......# #..'.
#.......# ####.
###..>....# ## ...#....#
#.
########.#....#########.
.......@l.....'......†..
########.#....####...##.
#+#.......'...'..
......#####...##.
.......# #...##.
#.......# #...##.
#.......# #...##.
....##### ######. .


You could see an iguana.

Vanquished Creatures
  An adder (D:4)
  A worm (D:2)
  2 endoplasms
  2 hobgoblins (D:1)
  A kobold (D:2)
  A quokka (D:2)
  3 ball pythons
  A bat (D:1)
  2 rats (D:1)
14 creatures vanquished.

Notes
Turn   | Place    | Note
-------+----------+-------------------------------------------
     0 | D:1      | GigaChad the Minotaur Chaos Knight began the quest for the
                  | Orb.
     0 | D:1      | Reached XP level 1. HP: 19/19 MP: 0/0
   337 | D:1      | XOM: silly message
   497 | D:2      | Reached skill level 4 in Fighting
   518 | D:2      | XOM: divination: detect items
   531 | D:2      | Found a faded altar of an unknown god.
   534 | D:2      | Reached XP level 2. HP: 27/27 MP: 1/1
   571 | D:2      | XOM: divination: detect items
   576 | D:2      | You fall into a shaft and drop 2 floors!
   637 | D:4      | Xom revived you
   638 | D:4      | Slain by an iguana

Illustrated notes

Levels and vault maps discovered:
D:1:      wander_arrival_abandoned_jail, layout_basic, amethyst_killhole
D:2:      layout_rooms, basic_ecumenical_altar, basic_altar, uniq_sigmund
D:4:      layout_basic, nicolae_ossuary_entry_giza, minmay_snake_closets,
          uniq_eustachio

Skill      XL: |  1  2 |
---------------+-------+-----
Fighting       | 4 |  4.4
Armour         | 3 |  3.0
Long Blades    | |  3.9
Dodging        | |  1.1

Action                   || total
-------------------------++-------
Melee: Falchion          ||    32
       Headbutt          ||     4
Armor: Ring mail         ||     5
       Leather armour    ||     1
Dodge: Dodged            ||    19

Table legend: (Time is in decaauts)
 A = Elapsed time spent in this place.
 B = Non-inter-level travel time spent in this place.
 C = Inter-level travel time spent in this place.
 D = Time resting spent in this place.
 E = Time spent auto-exploring this place.
 F = Levels seen in this place.
 G = Mean time per level.
                   A        B        C        D        E       F      G
               +--------+--------+--------+--------+--------+-----+--------+
         Total |    640 |    640 |      0 |      0 |    174 |   3 |  213.3 |
       Dungeon |    640 |    640 |      0 |      0 |    174 |   3 |  213.3 |
               +--------+--------+--------+--------+--------+-----+--------+

Top non-repeatable levels by time:
     D:1: 439 daAuts
     D:2: 139 daAuts
     D:4: 62 daAuts
